 Dungeon Crawl Stone Soup version 0.30-a0-321-gf7783e6616 (webtiles) character file.

Game seed: 14980607279167672101

816 Bnni the Chopper (level 8, -2/64 HPs)
             Began as a Formicid Fighter on Oct 27, 2022.
             Slain by Duvessa
             ... wielding a +0 short sword
              (5 damage)
             ... on level 4 of the Dungeon.
             The game lasted 00:06:22 (4174 turns).

Bnni the Chopper (Formicid Fighter)                 Turns: 4174, Time: 00:06:23

Health: -2/64      AC: 11    Str: 22    XL:     8   Next: 16%
Magic:  8/8        EV:  7    Int:  9    God:
Gold:   361        SH:  5    Dex: 13    Spells: 7/7 levels left

rFire   . . .      SeeInvis +    a - +0 war axe
rCold   . . .      Faith    .    c - +0 buckler
rNeg    . . .      Spirit   .    p - +0 chain mail
rPois   .          Reflect  .    (helmet unavailable)
rElec   .          Harm     .    r - +0 cloak
rCorr   .          Rampage  .    (no gloves)
Will    .....                    i - +0 pair of boots
Stlth   ..........               (no amulet)
HPRegen 0.30/turn                (no ring)
MPRegen 0.11/turn                (no ring)

@: no status effects
A: permanent stasis, dig shafts and tunnels, antennae 3, four strong arms
a: Dig, Shaft Self


You were on level 4 of the Dungeon.
You visited 1 branch of the dungeon, and saw 4 of its levels.

You collected 361 gold pieces.

Inventory:

Hand Weapons
 a - a +0 war axe (weapon)
Missiles
 m - 6 poisoned darts
Armour
 c - a +0 buckler (worn)
 i - a +0 pair of boots (worn)
 p - a +0 chain mail (worn)
 r - a +0 cloak (worn)
Wands
 t - a wand of iceblast (5)
Scrolls
 b - a scroll of immolation {unknown}
 g - a scroll of butterflies {unknown}
 j - 2 scrolls of amnesia {unknown}
 l - 5 scrolls of teleportation {unknown}
 n - 2 scrolls of summoning {unknown}
 o - 2 scrolls of enchant armour {unknown}
 q - a scroll of enchant weapon
 s - a scroll of brand weapon
 u - 2 scrolls of poison {unknown}
Potions
 e - a potion of attraction
 f - 3 potions of curing
 h - a potion of mutation
 k - a potion of cancellation
 w - a potion of heal wounds {unknown}


   Skills:
 + Level 6.2 Fighting
 * Level 7.0 Axes
 - Level 3.2 Armour
 - Level 5.0 Shields


You had 7 spell levels left.
You didn't know any spells.
Your spell library contained the following spells:

 Spells                   Type           Power      Damage    Failure   Level
 Ensorcelled Hibernation  Hex/Ice        0%         N/A       100%        2
 Spider Form              Tmut/Pois      0%         N/A       100%        3
 Anguish                  Hex/Necr       0%         N/A       100%        4


Dungeon Overview and Level Annotations

Branches:
Dungeon (4/15)
 Temple: D:4-7

Altars:
Gozag
Trog
Zin

Annotations:
D:4 Duvessa


Innate Abilities, Weirdness & Mutations

You cannot be hasted, slowed, berserked, paralysed or teleported.
You can dig through walls and to a lower floor.
You have a pair of large antennae on your head. (SInv)
Your four strong arms can wield two-handed weapons with a shield.


Message History

You hit Duvessa but do no damage.
Duvessa is moderately wounded.
You hit Dowan but do no damage. Duvessa hits you with a +0 short sword.
You block Dowan's attack. Dowan closely misses you.
Duvessa hits you with a +0 short sword.
You barely miss Duvessa.
Duvessa is moderately wounded.
You closely miss Dowan. Duvessa hits you but does no damage.
Dowan hits you but does no damage.
You barely miss Duvessa.
Duvessa is moderately wounded.
You closely miss Dowan. You block Duvessa's attack.
Dowan hits you but does no damage.
You slash Duvessa!
Duvessa is severely wounded.
You closely miss Dowan. Duvessa hits you but does no damage.
You block Dowan's attack.
You barely miss Duvessa.
Duvessa is severely wounded.
You slash Dowan!
You kill Dowan!
Duvessa weeps, and shakes her weapon.
Duvessa goes berserk!
Duvessa barely misses you. You block Duvessa's attack.
Your Axes skill increases to level 7!
You hit Duvessa but do no damage.
Duvessa is severely wounded.
Duvessa hits you with a +0 short sword!
* * * LOW HITPOINT WARNING * * *
You block Duvessa's attack.
You hit Duvessa but do no damage.
Duvessa is severely wounded.
Duvessa hits you with a +0 short sword!
* * * LOW HITPOINT WARNING * * *
Duvessa hits you with a +0 short sword.
* * * LOW HITPOINT WARNING * * *
Okay, then.
You slash Duvessa!
Duvessa is almost dead.
Duvessa hits you but does no damage. Duvessa hits you with a +0 short sword.
You die...

#..#..............##........#.#.#
#..#..##.##.###.####........#.#.#
#..#...#....................#.#.#
.)†#...#.##.###.#####.#######.#.#
.......#.........................
.......#.##.#.#######.#.....#.#.#
............#.# #.........#.#
.....#........#########.....#.#..
####.#.####.#.#e@................
# ..#.# #.#.#)#######.....#####
######.########. #.....#
.........>..!... #.....#
####............ #.....# #
#.#.######### #.....##### #
#.#.######## #.......... #
#..........# #.....##### #
###.##.....# #.....#


You could see Duvessa (berserk).

Vanquished Creatures
  A water moccasin (D:3)
  An ice beast (D:3)
  An ogre (D:4)
  A necrophage (D:4)
  A scorpion (D:4)
  Dowan (D:4)
  The ghost of twist the Trooper, a weakling DrCA of Ignis (D:3)
  A howler monkey (D:4)
  A hound (D:4)
  An iguana (D:4)
  2 orc wizards (D:3)
  3 adders
  4 gnolls (D:3)
  An ufetubus (D:4)
  3 worms (D:3)
  2 dart slugs (D:2)
  8 orcs (D:3)
  9 ball pythons
  5 endoplasms
  5 giant cockroaches
  6 goblins
  11 hobgoblins
  7 jackals
  6 quokkas
  4 bats
  8 frilled lizards
  4 kobolds
  5 rats
103 creatures vanquished.

Vanquished Creatures (others)
  A fungus (D:2)
  14 plants (D:2)
15 creatures vanquished.

Grand Total: 118 creatures vanquished

Notes
Turn   | Place    | Note
-------+----------+-------------------------------------------
     0 | D:1      | Bnni the Formicid Fighter began the quest for the Orb.
     0 | D:1      | Reached XP level 1. HP: 18/18 MP: 1/1
    92 | D:1      | Reached XP level 2. HP: 22/24 MP: 2/2
   453 | D:1      | Reached XP level 3. HP: 29/29 MP: 3/3
   908 | D:2      | Found a glowing silver altar of Zin.
   925 | D:2      | Reached skill level 3 in Axes
  1061 | D:2      | Reached XP level 4. HP: 23/37 MP: 4/4
  2115 | D:3      | Found a runed translucent gate.
  2115 | D:3      | Found a runed translucent gate.
  2115 | D:3      | Found a runed translucent gate.
  2117 | D:3      | Found an opulent altar of Gozag.
  2119 | D:3      | Noticed a water moccasin
  2119 | D:3      | Noticed twist's ghost (weakling DrCA)
  2223 | D:3      | Reached XP level 5. HP: 12/42 MP: 5/5
  2225 | D:3      | Reached skill level 5 in Shields
  2500 | D:3      | Reached skill level 4 in Axes
  2595 | D:3      | Noticed an ice beast
  2605 | D:3      | Killed an ice beast
  2606 | D:3      | Reached XP level 6. HP: 39/49 MP: 6/6
  2929 | D:3      | Reached skill level 5 in Fighting
  2929 | D:3      | Reached skill level 5 in Axes
  3001 | D:3      | Found a bloodstained altar of Trog.
  3141 | D:3      | Killed a water moccasin
  3142 | D:3      | Reached XP level 7. HP: 39/56 MP: 7/7
  3151 | D:3      | Killed twist's ghost
  3309 | D:4      | Reached skill level 6 in Axes
  3771 | D:4      | Reached XP level 8. HP: 36/64 MP: 8/8
  4152 | D:4      | Noticed Dowan
  4154 | D:4      | Noticed Duvessa
  4171 | D:4      | Killed Dowan
  4172 | D:4      | Reached skill level 7 in Axes
  4173 | D:4      | HP: 3/64 [Duvessa/+0 short sword (5)]
  4174 | D:4      | Slain by Duvessa

Illustrated notes

Levels and vault maps discovered:
D:1:      ncdulo_watergridlock, layout_loops_ring, kennysheep_small_spiral
D:2:      layout_loops_ring, basic_altar, serial_bayou, serial_bayou_pond_a,
          serial_bayou_pond_d, serial_bayou_shore_b, serial_bayou_pond_c,
          serial_bayou_shore_a, serial_bayou_crossing, minmay_shallow_snake_nest
D:3:      layout_basic, lemuel_coloured_pillars_altar, ebering_ghost_gozag,
          minmay_fractal_squares_gapless_5
D:4:      layout_basic, uniq_duvessa

Skill      XL: |  1  2  3  4  5  6  7  8 |
---------------+-------------------------+-----
Axes           | 3 4 5 6 7 |  7.0
Fighting       | 4 5 6 |  6.2
Shields        | 5 |  5.0
Armour         | |  3.2

Action                   |  1- 3 |  4- 6 |  7- 9 || total
-------------------------+-------+-------+-------++-------
Melee: War axe           |    99 |   143 |    84 ||   326
Throw: Throwing net      |       |     1 |       ||     1
Evoke: Wand              |       |     1 |       ||     1
  Use: Scroll            |       |     6 |     2 ||     8
       Potion            |       |     2 |     1 ||     3
Armor: Scale mail        |    44 |       |       ||    44
       Chain mail        |    15 |   101 |    42 ||   158
Dodge: Dodged            |    52 |    38 |    30 ||   120
Block: Buckler           |    28 |    39 |    21 ||    88

Table legend: (Time is in decaauts)
 A = Elapsed time spent in this place.
 B = Non-inter-level travel time spent in this place.
 C = Inter-level travel time spent in this place.
 D = Time resting spent in this place.
 E = Time spent auto-exploring this place.
 F = Levels seen in this place.
 G = Mean time per level.
                   A        B        C        D        E       F      G
               +--------+--------+--------+--------+--------+-----+--------+
         Total |   4304 |   4185 |    119 |      0 |   3310 |   4 | 1076.0 |
       Dungeon |   4304 |   4185 |    119 |      0 |   3310 |   4 | 1076.0 |
               +--------+--------+--------+--------+--------+-----+--------+

Top non-repeatable levels by time:
     D:3: 1321 daAuts
     D:2: 1237 daAuts
     D:4: 932 daAuts
     D:1: 813 daAuts
